 Dungeon Crawl Stone Soup version bcrawl-1.13.5 (webtiles) character file.

Game seed: 13626103816630192320

77 binko the Skirmisher (level 4, -3/39 HPs)
             Began as a Formicid Fighter on Sept 4, 2019.
             Slain by a hound (5 damage)
             ... on level 3 of the Dungeon.
             The game lasted 00:01:42 (1104 turns).

binko the Skirmisher (Formicid Fighter)             Turns: 1104, Time: 00:01:42

Health: -3/39      AC:  6    Str: 21    XL:     4   Next: 60%
Magic:  4/4        EV:  7    Int:  8    God:
Gold:   113        SH:  9    Dex: 10    Spells: 3/3 levels left

rFire    . . .     SeeInvis +   a - +0 war axe
rCold    . . .     Gourm    .   c - +0 shield
rNeg     . . .     Faith    .   b - +0 scale mail
rPois    .         Spirit   .   (helmet unavailable)
rElec    .         Reflect  .   (no cloak)
rCorr    .         Harm     .   (no gloves)
MR       .....                  (no boots)
Stlth    ..........             (no amulet)
HPRegen  0.13/turn              o - ring of wizardry
MPRegen  0.09/turn              (no ring)

@: lethally poisoned (-3 -> -4)
A: permanent stasis, dig shafts and tunnels, four strong arms, antennae 3
a: Dig, Shaft Self


You were on level 3 of the Dungeon.
You were not hungry.

You visited 1 branch of the dungeon, and saw 3 of its levels.

You collected 113 gold pieces.

Inventory:

Hand Weapons
 a - a +0 war axe (weapon)
Armour
 b - a +0 scale mail (worn)
 c - a +0 shield (worn)
Jewellery
 o - a ring of wizardry (left hand)
Scrolls
 e - 4 scrolls of remove curse {unknown}
 g - 3 scrolls of identify {unknown}
 h - a scroll of magic mapping {unknown}
 i - 4 scrolls of teleportation {unknown}
 j - a scroll of blinking {unknown}
 l - 2 scrolls of fog {unknown}
 n - a scroll of amnesia {unknown}
 q - 2 scrolls of enchant armour {unknown}
Potions
 d - a potion of might
 k - a potion of heal wounds {unknown}
 m - a potion of curing {unknown}
Comestibles
 f - 3 rations {!d}
 p - a chunk of flesh


   Skills:
 + Level 5.5 Fighting
 - Level 2.0 Axes
 - Level 3.2 Armour
 - Level 3.6 Shields


You had 3 spell levels left.
You didn't know any spells.
Your spell library contained the following spells:

 Spells                   Type           Power        Failure   Level  Hunger
 Magic Dart               Conj           #...         80%         1    ##.....
 Slow                     Hex            #.......     80%         1    ##.....
 Call Imp                 Summ           #.......     89%         2    ###....
 Conjure Flame            Conj/Fire      #.......     98%         3    ####...
 Mephitic Cloud           Conj/Pois/Air  #.......     98%         3    ####...
 Blink                    Tloc           Unusable     N/A         2    N/A

Dungeon Overview and Level Annotations

Branches:
Dungeon (3/12)

Altars:
Okawaru


Innate Abilities, Weirdness & Mutations

You cannot be hasted, slowed, berserked, paralysed or teleported.
You can dig through walls and to a lower floor.
Your four strong arms can wield two-handed weapons with a shield.
You have a pair of large antennae on your head. (SInv)


Message History

The hound is lightly wounded.
You feel sick. The hound bites you but does no damage. The hound bites you.
* * * LOW HITPOINT WARNING * * *
The hound bites you but does no damage.
Your shield and scale mail prevent you from hitting the hound.
The hound is lightly wounded.
The hound barely misses you. You block the hound's attack.
You slash the hound!
The hound is heavily wounded.
* * * LOW HITPOINT WARNING * * *
You feel sick. You block the hound's attack. x2
You hit the hound but do no damage.
The hound is heavily wounded.
You block the hound's attack. The hound bites you but does no damage.
You closely miss the hound.
The hound is heavily wounded.
* * * LOW HITPOINT WARNING * * *
You feel sick. The hound barely misses you. You block the hound's attack.
The hound bites you.
You die...

### ##.## ##...#
## #.... .. #...
##.#.
.###.##h##.$....
........@†....#
###.##†#######
##'## ##...##
##.....##
##.......##
#.........#
+.........+
#......<..#


You could see a hound.

Vanquished Creatures
  2 adders
  An ooze (D:2)
  2 worms (D:2)
  2 dart slugs (D:1)
  3 leopard geckos
  6 bats
  A giant cockroach (D:2)
  3 goblins
  5 hobgoblins
  A ball python (D:2)
  3 frilled lizards
  10 kobolds
  8 rats
47 creatures vanquished.

Notes
Turn   | Place    | Note
-------+----------+-------------------------------------------
     0 | D:1      | binko the Formicid Fighter began the quest for the Orb.
     0 | D:1      | Reached XP level 1. HP: 18/18 MP: 1/1
   198 | D:1      | Reached XP level 2. HP: 25/25 MP: 2/2
   249 | D:1      | Reached skill level 4 in Fighting
   381 | D:1      | Reached XP level 3. HP: 31/31 MP: 3/3
   385 | D:1      | Found an iron altar of Okawaru.
   866 | D:2      | Reached skill level 5 in Fighting
   867 | D:2      | Reached XP level 4. HP: 34/39 MP: 4/4
  1104 | D:3      | Slain by a hound

Skill      XL: |  1  2  3 |
---------------+----------+-----
Fighting       | 4 5 |  5.5
Axes           | |  2.0
Armour         | |  3.2
Shields        | |  3.6

Action                   |  1- 3 |  4- 6 || total
-------------------------+-------+-------++-------
Melee: War axe           |   113 |    43 ||   156
  Eat: Chunk             |       |     1 ||     1
Armor: Scale mail        |    87 |    17 ||   104
Dodge: Dodged            |    37 |    12 ||    49
Block: Shield            |    65 |    29 ||    94
